[Event "ICC tourney 2037 (45 10)"]
[Site "Internet Chess Club"]
[Date "2020.10.03"]
[Round "1"]
[White "smashattack"]
[Black "ritheshraj"]
[Result "1-0"]
[ICCResult "Black checkmated"]
[WhiteElo "1465"]
[BlackElo "1295"]
[Opening "QGD: Orthodox defense"]
[ECO "D60"]
[NIC "QO.12"]
[Time "12:10:32"]
[TimeControl "2700+10"]

1. d4 d5 2. c4 e6 3. Nc3 Be7 4. Nf3 Nf6 5. Bg5 O-O 6. e3 Nbd7 7. c5 c6 8.
Bd3 b6 9. b4 b5 10. O-O Ne8 11. Bxe7 Qxe7 12. e4 dxe4 13. Bxe4 Bb7 14. Qc2
Nef6 15. Bd3 a6 16. Rfe1 h6 17. a3 Nd5 18. Nxd5 cxd5 19. Ne5 Nxe5 20. Rxe5
Rfc8 21. Rae1 Kf8 22. Be2 Bc6 23. Qh7 f6 24. Bh5 g6 25. Qxe7+ Kxe7 26. Rxe6+
Kf7 27. Re7+ Kf8 28. Bxg6 Be8 29. Bxe8 Rxe8 30. Rxe8+ Rxe8 31. Rxe8+ Kxe8
32. Kf1 Ke7 33. Ke2 f5 34. Ke3 Ke6 35. Kf4 h5 36. Kg5 h4 37. Kxh4 f4 38. Kg4
f3 39. Kxf3 Kd7 40. Kf4 Ke6 41. h4 Kf6 42. h5 Ke6 43. h6 Kf6 44. g4 Kf7 45.
Kf5 Kg8 46. Kg6 a5 47. c6 axb4 48. c7 bxa3 49. c8=Q# {Black checkmated} 1-0

[Event "ICC tourney 2037 (45 10)"]
[Site "Internet Chess Club"]
[Date "2020.10.03"]
[Round "1"]
[White "greasyaluminum"]
[Black "leonlunachen"]
[Result "1-0"]
[ICCResult "Black resigns"]
[WhiteElo "1479"]
[BlackElo "1313"]
[Opening "Robatsch (modern) defense"]
[ECO "B06"]
[NIC "KF.05"]
[Time "12:10:39"]
[TimeControl "2700+10"]

1. e4 g6 2. d4 Bg7 3. Nf3 c5 4. c3 Qb6 5. Be2 Nc6 6. d5 Ne5 7. Nxe5 Bxe5 8.
O-O Qc7 9. f4 Bg7 10. Be3 d6 11. Nd2 e6 12. Nf3 Ne7 13. Rb1 exd5 14. exd5
Bf5 15. Bd3 c4 16. Bxf5 Nxf5 17. Nd4 Nxe3 18. Qe2 Qe7 19. Rbe1 Nxd5 20. Qf3
Qxe1 21. Rxe1+ Ne7 22. Qxb7 O-O 23. Rxe7 Rab8 24. Qd5 Rxb2 25. h3 Rb1+ 26.
Kh2 Bf6 27. Rd7 g5 28. fxg5 Be5+ 29. g3 Rb2+ 30. Kg1 Bxg3 31. Qe4 Rxa2 32.
Ne2 Ra1+ 33. Kg2 Be5 34. Qxc4 a5 35. Ra7 {Black resigns} 1-0

[Event "ICC tourney 2037 (45 10)"]
[Site "Internet Chess Club"]
[Date "2020.10.03"]
[Round "1"]
[White "venkataralla"]
[Black "Vineesh"]
[Result "1-0"]
[ICCResult "Black checkmated"]
[WhiteElo "1460"]
[BlackElo "1282"]
[Opening "QGD Slav defense"]
[ECO "D10"]
[NIC "SL.01"]
[Time "12:10:38"]
[TimeControl "2700+10"]

1. d4 d5 2. c4 c6 3. Nc3 Nf6 4. Bf4 Nbd7 5. e3 e6 6. Nf3 Bb4 7. Bd3 Bxc3+ 8.
bxc3 Qe7 9. O-O b6 10. cxd5 cxd5 11. c4 Qd8 12. Bd6 dxc4 13. Bxc4 Ne4 14.
Ba3 Qc7 15. Rc1 Qb8 16. d5 exd5 17. Qxd5 Nef6 18. Qxf7+ Kd8 19. Qe7+ Kc7 20.
Bd5# {Black checkmated} 1-0

[Event "ICC tourney 2037 (45 10)"]
[Site "Internet Chess Club"]
[Date "2020.10.03"]
[Round "1"]
[White "NathanLuhur"]
[Black "leilei8514"]
[Result "0-1"]
[ICCResult "White resigns"]
[WhiteElo "1309"]
[BlackElo "1481"]
[Opening "Sicilian: Pelikan (Lasker/Sveshnikov) variation"]
[ECO "B33"]
[NIC "SI.35"]
[Time "12:10:33"]
[TimeControl "2700+10"]

1. e4 c5 2. Nf3 Nc6 3. d4 cxd4 4. Nxd4 Nf6 5. Nc3 e5 6. Ndb5 d6 7. Be2 a6 8.
Na3 b5 9. Nab1 b4 10. Nd5 Nxe4 11. Bf3 Nc5 12. Nf6+ gxf6 13. Bxc6+ Bd7 14.
Bxa8 Qxa8 15. Rg1 Qe4+ 16. Be3 f5 17. Nd2 Qc6 18. Qe2 Na4 19. Qc4 Qb7 20. f4
Be6 21. Qe2 Nxb2 22. fxe5 dxe5 23. Rb1 Na4 24. Bg5 Bg7 25. a3 Nc3 26. Rxb4
Qxb4 27. axb4 Nxe2 28. Kxe2 O-O 29. h3 Rb8 30. g4 fxg4 31. hxg4 Rxb4 32. Rb1
Rxb1 33. Nxb1 Bxg4+ 34. Kf2 Bf5 35. Na3 Bf8 36. Nc4 Bxc2 37. Nxe5 Bc5+ 38.
Ke2 Kg7 39. Nd3 Bxd3+ 40. Kxd3 Kg6 41. Bd2 h5 {White resigns} 0-1

[Event "ICC tourney 2037 (45 10)"]
[Site "Internet Chess Club"]
[Date "2020.10.03"]
[Round "1"]
[White "Aarya0327"]
[Black "shawnchicken"]
[Result "0-1"]
[ICCResult "White checkmated"]
[WhiteElo "1261"]
[BlackElo "1348"]
[Opening "Giuoco Piano"]
[ECO "C54"]
[NIC "IG.02"]
[Time "12:10:41"]
[TimeControl "2700+10"]

1. e4 e5 2. Nf3 Nc6 3. Bc4 Bc5 4. c3 Nf6 5. d4 exd4 6. cxd4 Bb4+ 7. Nc3 Nxe4
8. O-O Bxc3 9. bxc3 O-O 10. Qd3 d5 11. Bb3 Bf5 12. Qe3 Re8 13. Qf4 Bg6 14.
Bb2 Re6 15. Qc1 Bh5 16. Bd1 Na5 17. Qf4 Rf6 18. Qe5 Bxf3 19. Bxf3 Nd2 20.
Rfe1 Nac4 21. Qe2 Nxf3+ 22. gxf3 Rg6+ 23. Kh1 Nxb2 24. Qxb2 Qc8 25. Rg1 Qf5
26. Rxg6 fxg6 27. Qe2 Rf8 28. f4 Qxf4 29. Qe6+ Kh8 30. Qxd5 Qf3+ 31. Qxf3
Rxf3 32. Re1 h6 33. Kg2 Rxc3 34. Re8+ Kh7 35. Rb8 b6 36. Rb7 a5 37. Rb8 Rd3
38. Rd8 c5 39. d5 c4 40. Kf1 c3 41. Ke2 Rd2+ 42. Ke3 Rd1 43. Ke2 c2 44. d6
c1=Q 45. Kf3 Qa3+ 46. Kg4 Rxd6 47. Rxd6 Qxd6 48. Kh3 Qe6+ 49. Kg2 Qxa2 50.
Kh1 b5 51. h3 b4 52. h4 b3 53. h5 b2 54. hxg6+ Kxg6 55. Kg2 Qd5+ 56. f3 b1=Q
57. Kg3 Qe5+ 58. f4 Qd3+ 59. Kg4 Qh5# {White checkmated} 0-1

[Event "ICC tourney 2037 (45 10)"]
[Site "Internet Chess Club"]
[Date "2020.10.03"]
[Round "1"]
[White "arjunbupeshnath"]
[Black "sillytiger"]
[Result "0-1"]
[ICCResult "White checkmated"]
[WhiteElo "904"]
[BlackElo "1335"]
[Opening "Sicilian: Najdorf"]
[ECO "B90"]
[NIC "SI.14"]
[Time "12:10:35"]
[TimeControl "2700+10"]

1. e4 c5 2. Nf3 a6 3. Nc3 d6 4. d4 cxd4 5. Nxd4 Nf6 6. Bd3 e5 7. Nf3 Be6 8.
Bg5 Nbd7 9. Qe2 Be7 10. Qe3 O-O 11. O-O Ng4 12. Bxe7 Qxe7 13. Qe2 Ngf6 14.
Rfd1 Rac8 15. a4 Nh5 16. Ra3 Nf4 17. Qe3 Qf6 18. Ne2 Ng6 19. Ng3 Bg4 20. Be2
Rxc2 21. Rad3 Rc6 22. h3 Bxf3 23. Bxf3 Nc5 24. R3d2 Nxa4 25. b3 Nc5 26. Nf5
Rd8 27. b4 Na4 28. Qa7 b5 29. Bh5 Kf8 30. Bxg6 hxg6 31. Ne3 Nc3 32. Ng4 Qe7
33. Qxe7+ Kxe7 34. Re1 Rdc8 35. Kh2 Rc4 36. Ra1 R8c6 37. Ne3 Rxe4 38. Rc1
Rxb4 39. Nd5+ Nxd5 40. Rxc6 Rd4 41. Rxd4 exd4 42. Rxa6 Nb4 43. Ra1 Ke6 44.
Kg1 Kd5 45. Kf1 d3 46. Ra3 Kc4 47. Ra1 Kc3 48. f3 Nc2 49. Rd1 Ne3+ 50. Ke1
Nxd1 51. Kxd1 d2 52. g4 b4 53. f4 b3 54. h4 b2 55. Ke2 d1=Q+ 56. Kxd1 b1=Q+
57. Ke2 Qd3+ 58. Kf2 Kd4 59. h5 Qe3+ 60. Kg2 Ke4 61. hxg6 fxg6 62. f5 Kf4
63. fxg6 Qe2+ 64. Kh3 Qxg4+ 65. Kh2 Kf3 66. Kh1 Qg2# {White checkmated} 0-1

[Event "ICC tourney 2037 (45 10)"]
[Site "Internet Chess Club"]
[Date "2020.10.03"]
[Round "2"]
[White "leonlunachen"]
[Black "Aarya0327"]
[Result "1-0"]
[ICCResult "Black checkmated"]
[WhiteElo "1364"]
[BlackElo "1202"]
[Opening "Giuoco Piano"]
[ECO "C54"]
[NIC "IG.02"]
[Time "14:36:49"]
[TimeControl "2700+10"]

1. e4 e5 2. Nf3 Nc6 3. Bc4 Bc5 4. c3 Nf6 5. d4 exd4 6. cxd4 Bb6 7. e5 Ng8 8.
d5 Nce7 9. Nc3 c6 10. d6 Ng6 11. Ng5 Nh6 12. Nge4 O-O 13. Bxh6 gxh6 14. Nf6+
Kh8 15. Qh5 Nf4 16. Qxh6 Nxg2+ 17. Kf1 Ne3+ 18. fxe3 Bc5 19. Qxh7#
{Black checkmated}
1-0

[Event "ICC tourney 2037 (45 10)"]
[Site "Internet Chess Club"]
[Date "2020.10.03"]
[Round "2"]
[White "ritheshraj"]
[Black "NathanLuhur"]
[Result "1-0"]
[ICCResult "Black resigns"]
[WhiteElo "1363"]
[BlackElo "1257"]
[Opening "Four knights game"]
[ECO "C47"]
[NIC "KP.06"]
[Time "14:35:02"]
[TimeControl "2700+10"]

1. e4 e5 2. Nf3 Nc6 3. Nc3 Nf6 4. Be2 Bc5 5. Nxe5 Nxe5 6. d4 Bd6 7. dxe5
Bxe5 8. Bd3 d5 9. exd5 Nxd5 10. Bb5+ c6 11. Nxd5 cxb5 12. Ne3 Qxd1+ 13. Nxd1
O-O 14. O-O b6 15. Re1 Bc7 16. Nc3 a6 17. Nd5 Bd8 18. Be3 Rb8 19. Bf4 Rb7
20. a4 Be6 21. Nc3 bxa4 22. Rxa4 a5 23. Nb5 Bd7 24. Nd6 Bxa4 25. Nxb7 Bxc2
26. Bd6 g6 27. Bxf8 Kxf8 28. Nxd8 Kg7 29. Nc6 Ba4 30. Nd4 Kf6 31. Ra1 Bd7
32. Ne2 g5 33. Nc3 Bc6 34. Na4 b5 35. Nc5 a4 36. b3 axb3 37. Nxb3 h5 38. Ra6
Ke5 39. Rxc6 f5 40. Rc5+ Ke6 41. Rxb5 g4 42. Nd4+ Kd6 43. Rxf5 Ke7 44. Rxh5
Kf7 45. f3 gxf3 46. gxf3 Kf6 47. Rf5+ Kg6 48. Kg2 {Black resigns} 1-0

[Event "ICC tourney 2037 (45 10)"]
[Site "Internet Chess Club"]
[Date "2020.10.03"]
[Round "2"]
[White "ChessPower100"]
[Black "smashattack"]
[Result "0-1"]
[ICCResult "White checkmated"]
[WhiteElo "1296"]
[BlackElo "1467"]
[Opening "Sicilian: closed"]
[ECO "B23"]
[NIC "SI.44"]
[Time "14:34:43"]
[TimeControl "2700+10"]

1. e4 c5 2. Nc3 e6 3. f4 d5 4. d4 cxd4 5. Qxd4 Nc6 6. Qd1 Bb4 7. exd5 exd5
8. Bd2 Nf6 9. a3 Be7 10. Bb5 Bg4 11. Nf3 O-O 12. Bxc6 bxc6 13. h3 Bxf3 14.
Qxf3 Re8 15. O-O-O Rb8 16. Na2 Ne4 17. Bb4 c5 18. Bc3 Nxc3 19. Nxc3 Qb6 20.
b3 Qa5 21. Nb1 d4 22. Rhe1 c4 23. bxc4 Qb6 24. Kd2 Qa5+ 25. Kd3 Rxb1 26. Qb7
Rxb7 27. Kxd4 Bf6+ 28. Kd3 Rd7# {White checkmated} 0-1

[Event "ICC tourney 2037 (45 10)"]
[Site "Internet Chess Club"]
[Date "2020.10.03"]
[Round "2"]
[White "shawnchicken"]
[Black "greasyaluminum"]
[Result "1/2-1/2"]
[ICCResult "Game drawn by repetition"]
[WhiteElo "1348"]
[BlackElo "1447"]
[Opening "Nimzovich-Larsen attack: Indian variation"]
[ECO "A01"]
[NIC "VO.08"]
[Time "14:35:25"]
[TimeControl "2700+10"]

1. b3 Nf6 2. Bb2 e6 3. e3 Be7 4. Nf3 d5 5. c4 c6 6. Be2 O-O 7. O-O Ne4 8. d3
Bf6 9. Bxf6 Nxf6 10. Nbd2 Nbd7 11. Qc2 b6 12. d4 Bb7 13. Bd3 h6 14. e4 dxe4
15. Nxe4 Nxe4 16. Bxe4 Nf6 17. Rad1 Nxe4 18. Qxe4 Qe7 19. d5 cxd5 20. cxd5
Rac8 21. d6 Qd7 22. Qh4 Bxf3 23. gxf3 Rfe8 24. Qa4 Qxa4 25. bxa4 Red8 26.
Rd2 Rc6 27. d7 Rc7 28. Rfd1 Kf8 29. Rd4 Ke7 30. Rg4 g6 31. a5 Rcxd7 32.
Rxd7+ Rxd7 33. Rc4 Kd6 34. Kg2 Rc7 35. Rd4+ Kc5 36. Rd1 Kb5 37. axb6 axb6
38. Kg3 h5 39. Kf4 f6 40. Rd8 g5+ 41. Kg3 Rc1 42. Rf8 f5 43. Kg2 Rc2 44. Ra8
Re2 45. f4 g4 46. a4+ Kc6 47. Rh8 Re4 48. Rh6 Kd5 49. Rxh5 Rxf4 50. h3 gxh3+
51. Rxh3 Rxa4 52. Rd3+ Rd4 53. Rb3 Kc6 54. Rc3+ Kb7 55. Re3 Rd6 56. Kf3 b5
57. Rb3 Rb6 58. Ke3 Kc6 59. Kd4 Kd6 60. f4 b4 61. Kc4 Rb7 62. Rd3+ Ke7 63.
Rb3 Kf6 64. Kc5 Rc7+ 65. Kb5 Rd7 66. Kc5 Rb7 67. Kc6 Rb8 68. Kc7 Rb5 69. Kc6
Rd5 70. Rxb4 Rd3 71. Kc5 Rd2 72. Rd4 Rxd4 73. Kxd4 Kf7 74. Kc4 Ke7 75. Kd3
Kd7 76. Kc3 Kc7 77. Kd3 Kc6 78. Kc4 Kd6 79. Kd4 Kd7 80. Kd3 Kc7 81. Kc3 Kb6
82. Kd4 Kc6 83. Kc4 Kb6 84. Kd4 Kc6 85. Kc4 Kd6 86. Kd4 Ke7 87. Ke3 Kf7 88.
Kf3 Kf6 89. Kf2 e5 90. fxe5+ Kxe5 91. Ke3 f4+ 92. Kf3 Kf5 93. Kf2 Kg4 94.
Kg2 f3+ 95. Kf2 Kf4 96. Kf1 Ke4 97. Kf2 Kf4 98. Kf1 Kg4 99. Kf2 Kf4 100. Kf1
Kg3 101. Kg1 Kh3 102. Kf2 Kg4 103. Kf1 Kg3 104. Kg1 Kg4 105. Kf2
{Game drawn by repetition}
1/2-1/2

[Event "ICC tourney 2037 (45 10)"]
[Site "Internet Chess Club"]
[Date "2020.10.03"]
[Round "2"]
[White "Vineesh"]
[Black "arjunbupeshnath"]
[Result "0-1"]
[ICCResult "White checkmated"]
[WhiteElo "1084"]
[BlackElo "908"]
[Opening "Ruy Lopez: classical (Cordel) defense"]
[ECO "C64"]
[NIC "RL.01"]
[Time "14:34:40"]
[TimeControl "2700+10"]

1. e4 e5 2. Nf3 Nc6 3. Bb5 Bc5 4. Bxc6 bxc6 5. O-O d6 6. Nc3 Nf6 7. h3 O-O
8. d3 h6 9. Bd2 Be6 10. Qc1 Kh7 11. Ne2 Qd7 12. Kh2 Rab8 13. Ng3 Qe7 14. Nh4
Nxe4 15. Nxe4 Qxh4 16. Nxc5 dxc5 17. b3 g5 18. f3 f5 19. Be1 Qh5 20. Qe3 g4
21. fxg4 fxg4 22. Rxf8 Rxf8 23. Bg3 gxh3 24. Bxe5 hxg2+ 25. Kxg2 Bd5+ 26.
Kg3 Rf3+ 27. Qxf3 Qxf3+ 28. Kh4 Be6 29. Rg1 Qh3# {White checkmated} 0-1

[Event "ICC tourney 2037 (45 10)"]
[Site "Internet Chess Club"]
[Date "2020.10.03"]
[Round "2"]
[White "sillytiger"]
[Black "venkataralla"]
[Result "0-1"]
[ICCResult "White resigns"]
[WhiteElo "1325"]
[BlackElo "1470"]
[Opening "English: Sicilian reversed"]
[ECO "A25"]
[NIC "EO.20"]
[Time "14:34:47"]
[TimeControl "2700+10"]

1. c4 e5 2. Nc3 Nc6 3. g3 Bc5 4. Bg2 Nge7 5. Nf3 O-O 6. O-O d6 7. d3 Be6 8.
Bd2 Qd7 9. Ng5 Bf5 10. Re1 h6 11. Nge4 Bb6 12. a3 a5 13. Bxh6 Qe6 14. Bd2
Bg6 15. Nd5 f5 16. Ng5 Qd7 17. Nxe7+ Qxe7 18. Ne6 Rf6 19. Bg5 f4 20. gxf4
exf4 21. Nxf4 Qe5 22. Bxf6 Qxf6 23. Qd2 Rf8 24. e3 Ne5 25. Nd5 Qg5 26. Kh1
Ng4 27. Nf4 Qh4 28. h3 Nxf2+ 29. Kg1 Rxf4 30. Kh2 Rg4 31. Rf1 Qg3+
{White resigns}
0-1

[Event "ICC tourney 2037 (45 10)"]
[Site "Internet Chess Club"]
[Date "2020.10.03"]
[Round "2"]
[White "leilei8514"]
[Black "waterycargo"]
[Result "1-0"]
[ICCResult "Black resigns"]
[WhiteElo "1521"]
[BlackElo "1322"]
[Opening "French: exchange variation"]
[ECO "C01"]
[NIC "FR.01"]
[Time "14:34:38"]
[TimeControl "2700+10"]

1. e4 e6 2. d4 d5 3. exd5 exd5 4. Nf3 Nf6 5. Bd3 Be7 6. O-O O-O 7. c3 c6 8.
Re1 Bg4 9. h3 Bh5 10. Bf4 Nbd7 11. Nbd2 Re8 12. Qc2 Qb6 13. a4 a5 14. Ne5 h6
15. Bf5 Rad8 16. g4 g5 17. Bg3 Bd6 18. gxh5 Nxh5 19. Nxd7 Qc7 20. Bxd6 Qxd6
21. Ne5 f6 22. Nd3 Ng7 23. Bg6 Re6 24. Nc5 Re7 25. Rxe7 Qxe7 26. Bd3 b6 27.
Ncb3 Nh5 28. Nf3 Nf4 29. Bf1 Qd7 30. Re1 g4 31. Nh2 gxh3 32. Qd2 Qg7+ 33.
Kh1 Ng6 34. Qe3 Kh7 35. Qg3 Rg8 36. Bd3 Qf7 37. Rg1 f5 38. Qxh3 f4 39. Qg4
Qe8 40. Bxg6+ Rxg6 41. Qxg6+ Qxg6 42. Rxg6 Kxg6 43. Kg2 Kg5 44. Kf3 h5 45.
Nd2 h4 46. Ndf1 b5 47. axb5 cxb5 48. Ke2 h3 49. f3 Kh4 50. Kd2 Kg5 51. b3 b4
52. c4 dxc4 53. bxc4 a4 54. Kc2 Kf5 55. Nd2 Ke6 56. Ne4 Kd7 57. Nc5+ Kd6 58.
Nxa4 Kc6 59. Kb3 Kd6 60. Kxb4 Kc6 61. d5+ Kd6 62. Nc5 Ke7 63. Ne4 Kd7 64. c5
Kc7 65. c6 Kc8 66. Kb5 Kc7 67. d6+ Kd8 68. c7+ Kc8 69. Kb6 Kd7 70. Kb7
{Black resigns}
1-0

[Event "ICC tourney 2037 (45 10)"]
[Site "Internet Chess Club"]
[Date "2020.10.03"]
[Round "3"]
[White "venkataralla"]
[Black "leilei8514"]
[Result "1-0"]
[ICCResult "Black checkmated"]
[WhiteElo "1473"]
[BlackElo "1427"]
[Opening "Nimzo-Indian: 4.e3, main line with ...c5"]
[ECO "E53"]
[NIC "NI.05"]
[Time "17:02:38"]
[TimeControl "2700+10"]

1. d4 Nf6 2. c4 e6 3. Nc3 Bb4 4. e3 d5 5. Nf3 O-O 6. Bd3 c5 7. O-O cxd4 8.
Nxd4 Bxc3 9. bxc3 e5 10. Nb3 Nc6 11. cxd5 Nxd5 12. Qc2 h6 13. a3 f5 14. Bc4
Kh8 15. Rd1 Nce7 16. Bxd5 Nxd5 17. c4 Qc7 18. Rxd5 Be6 19. Rc5 Qd7 20. Rxe5
Rac8 21. Nc5 Qd6 22. Rxe6 Qxc5 23. Bb2 b5 24. Rxh6+ Kg8 25. Qc3 Rf7 26. Rg6
Rcc7 27. Rd1 Qe7 28. Qe5 Rd7 29. Rdd6 Qd8 30. Rxg7+ Rxg7 31. Qxg7+ Rxg7 32.
Rxd8+ Kh7 33. Bxg7 Kxg7 34. cxb5 Kf7 35. Rd7+ Ke6 36. Rxa7 Kd6 37. b6 Kc6
38. b7 Kc7 39. h4 Kb8 40. Ra6 Kxb7 41. Rg6 Kc7 42. h5 Kd7 43. h6 Ke7 44. h7
Kf7 45. Rg3 f4 46. exf4 Kf8 47. h8=Q+ Kf7 48. Qg8+ Ke7 49. Qd5 Kf8 50. Rg8+
Ke7 51. Rg7+ Kf8 52. Qf7# {Black checkmated} 1-0

[Event "ICC tourney 2037 (45 10)"]
[Site "Internet Chess Club"]
[Date "2020.10.03"]
[Round "3"]
[White "NathanLuhur"]
[Black "Aarya0327"]
[Result "0-1"]
[ICCResult "White resigns"]
[WhiteElo "1208"]
[BlackElo "1261"]
[Opening "Giuoco Pianissimo"]
[ECO "C50"]
[NIC "IG.02"]
[Time "17:02:43"]
[TimeControl "2700+10"]

1. e4 e5 2. Nf3 Nc6 3. Bc4 Bc5 4. d3 h6 5. O-O Nf6 6. Be3 Bb6 7. c3 O-O 8.
Nbd2 d6 9. h3 Be6 10. Bb3 Qd7 11. Re1 Bxh3 12. gxh3 Qxh3 13. Nh2 Bxe3 14.
Rxe3 Qd7 15. Qc2 Ng4 16. Ree1 Nxh2 17. Kxh2 Qg4 18. Rg1 Qf4+ 19. Kg2 Qg4+
20. Kf1 Qh3+ 21. Ke1 Ne7 22. Ke2 Ng6 23. Rxg6 Qh5+ 24. f3 Qxg6 25. Nc4 Qg2+
26. Kd1 Qf1+ 27. Kd2 Qxa1 28. Ne3 Qh1 29. Qd1 Qxd1+ 30. Bxd1 Rfe8 31. Bb3 a5
32. Nd5 Rac8 33. Ba4 c6 34. Nb6 Rcd8 35. Nc4 b5 36. Nxd6 Rxd6 37. Bc2 Red8
38. b3 c5 39. c4 bxc4 40. bxc4 Rd4 41. a4 Rxc4 42. Bb3 Rcd4 43. Bd5 Rxa4 44.
Kc3 Rxd5 45. exd5 Kf8 46. Kb3 Rb4+ 47. Kc3 Ke7 {White resigns} 0-1

[Event "ICC tourney 2037 (45 10)"]
[Site "Internet Chess Club"]
[Date "2020.10.03"]
[Round "3"]
[White "leonlunachen"]
[Black "ritheshraj"]
[Result "1-0"]
[ICCResult "Black checkmated"]
[WhiteElo "1411"]
[BlackElo "1308"]
[Opening "Two knights defense"]
[ECO "C58"]
[NIC "KP.01"]
[Time "17:02:36"]
[TimeControl "2700+10"]

1. e4 e5 2. Nf3 Nc6 3. Bc4 Nf6 4. Ng5 d5 5. exd5 Na5 6. Bb5+ c6 7. dxc6 bxc6
8. Ba4 h6 9. Nf3 e4 10. Qe2 Qe7 11. Nd4 Bd7 12. Nb3 Nxb3 13. Bxb3 Bg4 14.
Qf1 Rd8 15. h3 Bf5 16. Nc3 Qe5 17. Qe2 Bb4 18. a3 Bxc3 19. bxc3 O-O 20. g4
Bg6 21. Bb2 Qd6 22. O-O-O Qf4 23. Qe3 Qxe3 24. fxe3 Nd5 25. h4 Bh7 26. h5
Nf6 27. Rhg1 a6 28. g5 hxg5 29. Rxg5 g6 30. Rdg1 Nxh5 31. Rxh5 Rd6 32. Rhg5
Rf6 33. c4 Rf2 34. R5g2 Rxg2 35. Rxg2 Re8 36. Rf2 c5 37. a4 a5 38. Ba3 Re5
39. Ba2 Kg7 40. Bb2 f6 41. Bxe5 fxe5 42. d3 exd3 43. cxd3 g5 44. e4 g4 45.
Rg2 Kf6 46. Rxg4 Ke6 47. Rg7 Kf6 48. Rxh7 Kg6 49. Rh8 Kg5 50. Ra8 Kf4 51.
Rxa5 Ke3 52. Rxc5 Kxd3 53. a5 Kxe4 54. a6 Kd4 55. Rd5+ Ke3 56. a7 e4 57.
a8=Q Kf3 58. Qf8+ Kg4 59. Rd7 Kg5 60. Rg7+ Kh5 61. Qh8# {Black checkmated}
1-0

[Event "ICC tourney 2037 (45 10)"]
[Site "Internet Chess Club"]
[Date "2020.10.03"]
[Round "3"]
[White "waterycargo"]
[Black "Vineesh"]
[Result "1-0"]
[ICCResult "Black checkmated"]
[WhiteElo "1346"]
[BlackElo "1061"]
[Opening "Queen's pawn, Mason variation"]
[ECO "D00"]
[NIC "QP.08"]
[Time "17:02:39"]
[TimeControl "2700+10"]

1. d4 d5 2. Bf4 Nc6 3. e3 Bf5 4. c4 e6 5. Nc3 Nf6 6. Qb3 b6 7. Nf3 Na5 8.
Qa4+ Qd7 9. Qxd7+ Kxd7 10. Ne5+ Ke8 11. cxd5 exd5 12. Bb5+ Ke7 13. Nc6+ Nxc6
14. Bxc6 Rc8 15. Nxd5+ Nxd5 16. Bxd5 Be6 17. Bxe6 Kxe6 18. Rc1 Bd6 19. Bxd6
cxd6 20. Kd2 Rxc1 21. Rxc1 Kd7 22. Kd3 Rc8 23. Rxc8 Kxc8 24. Kc4 Kc7 25. Kd5
Kd7 26. e4 h6 27. f4 f6 28. e5 fxe5 29. dxe5 dxe5 30. fxe5 h5 31. h4 g6 32.
Ke4 Ke6 33. Kd4 a6 34. g3 a5 35. a4 Kd7 36. Kd5 Ke7 37. e6 Ke8 38. Kd6 Kd8
39. e7+ Ke8 40. Ke6 b5 41. axb5 g5 42. hxg5 h4 43. gxh4 a4 44. Kf6 a3 45.
bxa3 Kd7 46. Kf7 Kc7 47. e8=Q Kb6 48. Qc6+ Ka7 49. b6+ Kb8 50. Qc7+ Ka8 51.
Qa7# {Black checkmated} 1-0

[Event "ICC tourney 2037 (45 10)"]
[Site "Internet Chess Club"]
[Date "2020.10.03"]
[Round "3"]
[White "smashattack"]
[Black "shawnchicken"]
[Result "1-0"]
[ICCResult "Black resigns"]
[WhiteElo "1475"]
[BlackElo "1330"]
[Opening "Nimzo-Indian: classical variation"]
[ECO "E32"]
[NIC "NI.24"]
[Time "17:02:36"]
[TimeControl "2700+10"]

1. d4 Nf6 2. c4 e6 3. Nc3 Bb4 4. Qc2 O-O 5. Nf3 d5 6. Bg5 h6 7. Bh4 c6 8. e3
Nbd7 9. Bd3 dxc4 10. Bxc4 b6 11. O-O Bb7 12. e4 Qc7 13. Rfe1 c5 14. Bg3 Qc8
15. Rad1 Bxc3 16. bxc3 cxd4 17. Rxd4 Nc5 18. Bd6 Rd8 19. e5 Nfe4 20. Bxc5
Nxc5 21. Rg4 Bxf3 22. gxf3 Qc6 23. Rg3 b5 24. Be2 Na4 25. c4 bxc4 26. Qc1
Kh8 27. Kh1 c3 28. Reg1 Rg8 29. Rxg7 {Black resigns} 1-0

[Event "ICC tourney 2037 (45 10)"]
[Site "Internet Chess Club"]
[Date "2020.10.03"]
[Round "3"]
[White "arjunbupeshnath"]
[Black "ChessPower100"]
[Result "0-1"]
[ICCResult "White checkmated"]
[WhiteElo "908"]
[BlackElo "1295"]
[Opening "Giuoco Pianissimo: Canal variation"]
[ECO "C50"]
[NIC "IG.02"]
[Time "17:02:38"]
[TimeControl "2700+10"]

1. e4 e5 2. Nf3 Nc6 3. Bc4 Bc5 4. Nc3 Nf6 5. d3 d6 6. Bg5 Bb4 7. O-O Bg4 8.
h3 Bxf3 9. Qxf3 Nd4 10. Qd1 O-O 11. Nd5 Ne6 12. Bxf6 gxf6 13. Nxb4 a5 14.
Nd5 c6 15. Ne3 Ng5 16. Qg4 Qc8 17. Qh5 b5 18. Ng4 Qd8 19. Nh6+ Kg7 20. Nf5+
Kh8 21. h4 bxc4 22. hxg5 fxg5 23. Nh6 Qf6 24. Rfe1 cxd3 25. cxd3 Rab8 26. b3
Qg6 27. Qh2 Rbe8 28. Re3 Re6 29. Rg3 Qxh6 30. Rh3 Qg7 31. Re1 f5 32. Rh5
fxe4 33. Re3 Qf7 34. f3 exd3 35. Rxd3 e4 36. Re3 exf3 37. Rxf3 Qa7+ 38. Kf1
Qa6+ 39. Kg1 Re1+ 40. Rf1 Qxf1# {White checkmated} 0-1

[Event "ICC tourney 2037 (45 10)"]
[Site "Internet Chess Club"]
[Date "2020.10.03"]
[Round "3"]
[White "greasyaluminum"]
[Black "sillytiger"]
[Result "1-0"]
[ICCResult "Black resigns"]
[WhiteElo "1499"]
[BlackElo "1323"]
[Opening "Sicilian: O'Kelly variation"]
[ECO "B28"]
[NIC "SI.43"]
[Time "17:02:40"]
[TimeControl "2700+10"]

1. e4 c5 2. Nf3 a6 3. d4 cxd4 4. Nxd4 Nf6 5. Nc3 e5 6. Nb3 Bb4 7. Bd3 Bxc3+
8. bxc3 d6 9. O-O Be6 10. Ba3 O-O 11. f3 Qc7 12. Qd2 Nbd7 13. Kh1 Rac8 14.
Rab1 Rfd8 15. f4 exf4 16. Qxf4 Ne5 17. Qg5 Ng6 18. Nd4 Bxa2 19. Rb2 Qxc3 20.
Rxa2 Qxd4 21. Bb2 h6 22. Qg3 Qb6 23. Bxf6 gxf6 24. Raa1 Qd4 25. e5 Qxe5 26.
Qf3 d5 27. Rae1 Qd6 28. Qg4 Kg7 29. h4 Kh8 30. Bxg6 fxg6 31. Qxg6 Qd7 32.
Qxh6+ Qh7 33. Qxf6+ Qg7 34. Qf5 b5 35. Re6 a5 36. Qh5+ Kg8 37. Rg6 Rxc2 38.
Rxg7+ Kxg7 39. Qg5+ {Black resigns} 1-0

[Event "ICC tourney 2037 (45 10)"]
[Site "Internet Chess Club"]
[Date "2020.10.04"]
[Round "4"]
[White "ChessPower100"]
[Black "greasyaluminum"]
[Result "1-0"]
[ICCResult "Black resigns"]
[WhiteElo "1374"]
[BlackElo "1435"]
[Opening "Scotch gambit: Benima defense"]
[ECO "C50"]
[NIC "IG.03"]
[Time "12:03:05"]
[TimeControl "2700+10"]

1. e4 e5 2. Nf3 Nc6 3. Bc4 Be7 4. d4 exd4 5. Nxd4 Nxd4 6. Qxd4 Bf6 7. e5 Qe7
8. f4 d6 9. O-O dxe5 10. fxe5 Bxe5 11. Bxf7+ Qxf7 12. Qxe5+ Qe7 13. Qc3 Be6
14. Bf4 O-O-O 15. Na3 Nf6 16. Rfe1 Nd5 17. Qe5 Nxf4 18. Qxf4 Qd7 19. Qe3 Bf7
20. Qxa7 Qd4+ 21. Qxd4 Rxd4 22. Re7 Rd7 23. Rxd7 Kxd7 24. Rd1+ Kc6 25. b3
Rf8 26. Rf1 Kd7 27. Nc4 Ke7 28. Na5 Bd5 29. Re1+ Kd6 30. Rd1 Kc5 31. b4+
Kxb4 32. Rxd5 b6 33. Nc6+ Kc3 34. Rd7 Rc8 35. Na7 Ra8 36. Rxc7+ Kb2 37. a4
Ka3 38. Rxg7 Kxa4 39. Rxh7 Kb4 40. Rc7 b5 41. c3+ Ka5 42. Nc8 Ka4 43. Nb6+
{Black resigns}
1-0